 Dungeon Crawl Stone Soup version 0.28-a0-1395-g4f6bc678fa (webtiles) character file.

Game seed: 9484869324043132752

3 Deminshera the Vexing (level 1, 12/12 HPs)
             Began as a Kobold Arcane Marksman on Jan 4, 2022.
             Quit the game on level 1 of the Dungeon.
             The game lasted 00:00:14 (202 turns).

Deminshera the Vexing (Kobold Arcane Marksman)       Turns: 202, Time: 00:00:15

Health: 12/12      AC:  2    Str:  7    XL:     1   Next: 55%
Magic:  2/2        EV: 15    Int: 14    God:
Gold:   0          SH:  0    Dex: 15    Spells: 1/2 levels left

rFire   . . .      SeeInvis .   a - +0 hand crossbow
rCold   . . .      Faith    .   (no shield)
rNeg    . . .      Spirit   .   d - +0 robe
rPois   .          Reflect  .   (no helmet)
rElec   .          Harm     .   (no cloak)
rCorr   .          Rampage  .   (no gloves)
Will    .....                   (no boots)
Stlth   ++........              (no amulet)
HPRegen 0.04/turn               (no ring)
MPRegen 0.08/turn               (no ring)

@: no status effects
A: small, no large weapons, nightstalker 3
a: no special abilities


You were on level 1 of the Dungeon.
You visited 1 branch of the dungeon, and saw 1 of its levels.

Inventory:

Hand Weapons
 a - a +0 hand crossbow (weapon)
 b - a +0 fustibalus
Missiles
 c - 19 bolts (quivered ammo)
Armour
 d - a +0 robe (worn)
Potions
 e - a potion of haste {unknown}


   Skills:
 + Level 1.2 Fighting
 + Level 2.5 Crossbows
 + Level 2.5 Dodging
 + Level 1.2 Spellcasting
 + Level 3.0 Hexes


You had one spell level left.
You knew the following spells:

 Your Spells              Type           Power      Damage    Failure   Level
a - Slow                  Hex            36%        N/A       8%          1

Your spell library contained the following spells:

 Spells                   Type           Power      Damage    Failure   Level
 Inner Flame              Hex/Fire       5%         N/A       38%         3
 Portal Projectile        Hex/Tloc       10%        N/A       38%         3
 Cause Fear               Hex            4%         N/A       58%         4


Dungeon Overview and Level Annotations

Branches:
Dungeon (1/15)

Altars:


Innate Abilities, Weirdness & Mutations

You are small and have problems with some larger weapons.
You are completely attuned to the shadows.


Message History

The ball python barely misses you. The ball python closely misses you.
You shoot a bolt. The bolt barely misses the ball python.
The ball python closely misses you. x2
You shoot a bolt.
The bolt closely misses the ball python.
The ball python closely misses you. The ball python barely misses you.
The ball python misses you. The ball python grabs you.
The ball python constricts you.
You shoot a bolt.
The bolt closely misses the ball python.
The ball python barely misses you. The ball python constricts you.
The ball python closely misses you. The ball python constricts you.
You shoot a bolt. The bolt barely misses the ball python.
The ball python closely misses you. The ball python constricts you.
You shoot a bolt. The bolt hits the ball python!
You kill the ball python!
No target in view!
No target in view!
No target in view!
A hobgoblin comes into view.
A hobgoblin is nearby!
You shoot a bolt. The hobgoblin shouts!
The bolt hits the hobgoblin.
The hobgoblin is moderately wounded.
You shoot a bolt. The bolt barely misses the hobgoblin.
The hobgoblin hits you.
You shoot a bolt. The bolt hits the hobgoblin.
The hobgoblin is almost dead.
The hobgoblin barely misses you.
You shoot a bolt. The bolt hits the hobgoblin.
You kill the hobgoblin!
HP restored.
c - 10 bolts (gained 4)
You see here a hobgoblin corpse.
c - 11 bolts (gained 1)
You see here a +0 club.
c - 12 bolts (gained 1)
c - 19 bolts (gained 7)
e - a coppery potion Are you sure you want to abandon this character and quit the game? (Confirm with "yes".)

....##..##..#.
.##..##†.##..##
......)..##....
........####...
........#### ####
###.......###### #
##............... #
...#.........########
....@................
####.........########
#.........# #
###########


There were no monsters in sight!

Vanquished Creatures
  A hobgoblin (D:1)
  A kobold (D:1)
  A ball python (D:1)
3 creatures vanquished.

Notes
Turn   | Place    | Note
-------+----------+-------------------------------------------
     0 | D:1      | Deminshera the Kobold Arcane Marksman began the quest for
                  | the Orb.
     0 | D:1      | Reached XP level 1. HP: 12/12 MP: 2/2
   202 | D:1      | Quit the game

Illustrated notes

Levels and vault maps discovered:
D:1:      minmay_arrival_wavy_path, layout_rooms, hangedman_decor_slide_cut

Action                   || total
-------------------------++-------
 Fire: Hand crossbow     ||    14
Dodge: Dodged            ||    16

Table legend: (Time is in decaauts)
 A = Elapsed time spent in this place.
 B = Non-inter-level travel time spent in this place.
 C = Inter-level travel time spent in this place.
 D = Time resting spent in this place.
 E = Time spent auto-exploring this place.
 F = Levels seen in this place.
 G = Mean time per level.
                   A        B        C        D        E       F      G
               +--------+--------+--------+--------+--------+-----+--------+
         Total |    206 |    206 |      0 |      0 |    177 |   1 |  206.0 |
       Dungeon |    206 |    206 |      0 |      0 |    177 |   1 |  206.0 |
               +--------+--------+--------+--------+--------+-----+--------+

Top non-repeatable levels by time:
     D:1: 206 daAuts
